 Dungeon Crawl Stone Soup version 0.27-a0-1158-gaa87e14f67 (webtiles) character file.

Game seed: 13894238267513724911

103 Whiskey the Insei (level 4, -1/28 HPs)
             Began as an Octopode Transmuter on May 15, 2021.
             Engulfed by a cloud of flame (29 damage)
             ... on level 2 of the Dungeon.
             The game lasted 00:05:36 (2664 turns).

Whiskey the Insei (Octopode Transmuter)             Turns: 2664, Time: 00:05:36

Health: -1/28      AC:  1    Str: 10    XL:     4   Next: 79%
Magic:  16/16      EV: 13    Int: 15    God:
Gold:   113        SH:  0    Dex: 12    Spells: 3/7 levels left

rFire    . . .     SeeInvis .     - Unarmed
rCold    . . .     Faith    .   (no shield)
rNeg     . . .     Spirit   .   (helmet restricted)
rPois    .         Reflect  .   (no amulet)
rElec    .         Harm     .   e - ring of magical power {MP+9}
rCorr    .         Rampage  .   (no ring)
Will     .....                  (no ring)
Stlth    ++........             (no ring)
HPRegen  0.09/turn              (no ring)
MPRegen  0.15/turn              (no ring)
                                (no ring)
                                (no ring)

@: no status effects
A: almost no armour, amphibious, 8 rings, camouflage 1, gelatinous body 1,
(nimble swimmer 1), tentacles
a: no special abilities


You were on level 2 of the Dungeon.
You visited 1 branch of the dungeon, and saw 2 of its levels.

You collected 113 gold pieces.

Inventory:

Jewellery
 e - a ring of magical power (left tentacle) {MP+9}
   (You found it on level 2 of the Dungeon)
Scrolls
 a - a scroll of amnesia {unknown}
 b - a scroll of fear {unknown}
 c - a scroll of blinking {unknown}
 d - 2 scrolls of teleportation {unknown}
 f - 4 scrolls of identify {unknown}
 g - a scroll of vulnerability {unknown}
 j - a scroll of fog {unknown}
Potions
 h - a potion of mutation {unknown}
 i - a potion of haste {unknown}


   Skills:
 - Level 1.0 Fighting
 - Level 2.0 Dodging
 + Level 4.3 Unarmed Combat
 - Level 2.0 Spellcasting
 + Level 3.6 Transmutations


You had 3 spell levels left.
You knew the following spells:

 Your Spells              Type           Power      Damage    Failure   Level
a - Beastly Appendage     Tmut           24%        N/A       4%          1
c - Spider Form           Tmut/Pois      3%         N/A       30%         3

Your spell library contained the following spells:

 Spells                   Type           Power      Damage    Failure   Level
 Wereblood                Tmut           12%        N/A       8%          2
 Corona                   Hex            1%         N/A       22%         1
 Ensorcelled Hibernation  Hex/Ice        2%         N/A       32%         2
 Confusing Touch          Hex            1%         N/A       54%         3
 Dazzling Flash           Conj/Hex       2%         N/A       54%         3
 Tukima's Dance           Hex            1%         N/A       54%         3
 Ice Form                 Ice/Tmut       7%         N/A       71%         4
 Hydra Form               Tmut           6%         N/A       80%         5


Dungeon Overview and Level Annotations

Branches:
Dungeon (2/15)

Altars:
Trog


Innate Abilities, Weirdness & Mutations

You cannot wear most types of armour.
You are amphibious.
You can wear up to eight rings at the same time.
Your skin changes colour to match your surroundings (Stealth+).
Your rubbery body absorbs attacks. (AC +1, EV +1)
((You are camouflaged near water. (Stealth+)))
You have tentacles for arms and can constrict up to eight enemies at once.


Message History

You turn into a venomous arachnid creature.
You now have 13/16 mp.
A bat and a hobgoblin come into view.
A goblin comes into view. It is wielding a +0 club.
Your transformation is almost over.
You hit the bat.
The bat is poisoned.
The adder hisses angrily.
You kill the bat!
You closely miss the adder. The adder completely misses you.
You bite the adder!
The adder is poisoned.
The adder bites you.
You take 2 damage, and have 26/28 hp.
You hit the adder.
You kill the adder!
A ball python comes into view.
The ball python hisses angrily.
The goblin hits you with a +0 club.
Found a stone staircase leading down.
You see here an adder corpse.
You take 2 damage, and have 24/28 hp.
You hit the goblin. The goblin closely misses you.
You closely miss the goblin. The goblin closely misses you.
You closely miss the goblin. You bite the goblin!
You kill the goblin!
Your transformation has ended.
You barely miss the hobgoblin. You grab the hobgoblin.
You constrict the hobgoblin. The hobgoblin hits you. The ball python bites you.
The ball python grabs you. The ball python constricts you.
You take 7 damage, and have 17/28 hp.
MASSIVE DAMAGE!!
You closely miss the ball python. Your grab misses the ball python.
You constrict the hobgoblin. The ball python closely misses you.
The ball python constricts you. The hobgoblin misses you.
You take 1 damage, and have 16/28 hp.
You tentacle-slap the ball python. You grab the ball python.
You constrict the hobgoblin. You constrict the ball python.
You kill the ball python!
The hobgoblin hits you.
You take 4 damage, and have 12/28 hp.
You are too injured to fight recklessly!
You are too injured to fight recklessly!
You are too injured to fight recklessly!
You are too injured to fight recklessly!
You are too injured to fight recklessly!
You are too injured to fight recklessly!
You are too injured to fight recklessly!
You are too injured to fight recklessly!
You are too injured to fight recklessly!
You are too injured to fight recklessly!
You are too injured to fight recklessly!
You are too injured to fight recklessly!
You are too injured to fight recklessly!
You are too injured to fight recklessly!
You are too injured to fight recklessly!
You are too injured to fight recklessly!
You are too injured to fight recklessly!
You tentacle-slap the hobgoblin.
You kill the hobgoblin!
You start resting.
Health restored: 28; MP restored: 16
Things that are here:
a +0 club; a goblin corpse You see here an adder corpse.
You now have 113 gold pieces (gained 11).
You see here 16 stones.
You see here a ball python skeleton.
You see here a hobgoblin skeleton.
An adder is nearby!
The spell is extremely dangerous to cast (32% risk of failure)!
Continue anyway?
You miscast Spider Form.
You are very lightly contaminated with residual magic.
Nothing appears to happen.
The adder hisses angrily.
You now have 13/16 mp.
The spell is extremely dangerous to cast (32% risk of failure)!
Continue anyway?
You turn into a venomous arachnid creature.
You now have 10/16 mp.
You hit the adder.
The adder is poisoned.
The adder misses you.
You barely miss the adder. The adder bites you.
You take 2 damage, and have 26/28 hp.
You barely miss the adder. The adder closely misses you.
The adder completely misses you.
You barely miss the adder. The adder bites you.
You take 1 damage, and have 25/28 hp.
You hit the adder.
Your transformation is almost over.
The adder completely misses you.
You hit the adder.
You kill the adder!
No target in view!
Your magical contamination has completely faded away.
Your transformation has ended.
Things that are here:
a +0 whip; 3 stones You see here 16 stones.
Partly explored, can't reach some items and places.
Health restored: 28; MP restored: 16 Really wriggl into a travel-excluded area?
You are engulfed in blazing flames.
Ouch! That really hurt!
You die...

......# #..# .#.####
##...# ##.# #☼○☼#
##.# #☼.°# #..#
#○☼☼# #.##
#####...######
..###.§○☼.....☼○○.##
.###...§☼.....§☼☼..#
......§.....$.§°@..#
.#########...#####.#
.....# #○°○# #(#
..#### #☼☼.# #.#
#..### #○§§# #.#
.....#####...#####.#
...................#
..........#.########
######....#.#


There were no monsters in sight!

Vanquished Creatures
  6 adders (D:2)
  8 endoplasms
  2 giant cockroaches (D:2)
  4 goblins (D:2)
  2 hobgoblins
  A jackal (D:2)
  8 kobolds
  2 quokkas (D:1)
  6 ball pythons
  3 bats
  2 frilled lizards (D:2)
  5 rats
49 creatures vanquished.

Notes
Turn   | Place    | Note
-------+----------+-------------------------------------------
     0 | D:1      | Whiskey the Octopode Transmuter began the quest for the
                  | Orb.
     0 | D:1      | Reached XP level 1. HP: 13/13 MP: 3/3
    93 | D:1      | Found a faded altar of an unknown god.
   419 | D:1      | Reached XP level 2. HP: 18/18 MP: 3/5
  1599 | D:2      | Reached XP level 3. HP: 23/23 MP: 6/6
  1775 | D:2      | Learned a level 3 spell: Spider Form
  1786 | D:2      | Reached skill level 3 in Transmutations
  1922 | D:2      | Reached skill level 4 in Unarmed Combat
  1922 | D:2      | Reached XP level 4. HP: 27/28 MP: 7/7
  2159 | D:2      | Found a bloodstained altar of Trog.
  2664 | D:2      | Engulfed by a cloud of flame

Illustrated notes

Levels and vault maps discovered:
D:1:      dpeg_arrival_stonehenge_8_columns, layout_loops_ring,
          hellmonk_ecumenical_altar_crossroads, hex_tiny
D:2:      minmay_diamond_boxcup, layout_rooms, basic_altar, lemuel_flame_loot_1

Skill      XL: |  1  2  3 |
---------------+----------+-----
Transmutations | 3 |  3.6
Unarmed Combat | 4 |  4.3
Fighting       | |  1.0
Dodging        | |  2.0
Spellcasting   | |  2.0

Action                   |  1- 3 |  4- 6 || total
-------------------------+-------+-------++-------
Melee: Unarmed           |    76 |    34 ||   110
       Kick              |    15 |       ||    15
       Constrict         |    15 |     2 ||    17
       Tentacles         |    10 |       ||    10
 Cast: Beastly Appendage |    15 |       ||    15
       Spider Form       |     3 |     4 ||     7
 Stab: Sleeping          |     7 |       ||     7
Armor: Skin              |     1 |     2 ||     3
Dodge: Dodged            |    44 |    16 ||    60

Table legend: (Time is in decaauts)
 A = Elapsed time spent in this place.
 B = Non-inter-level travel time spent in this place.
 C = Inter-level travel time spent in this place.
 D = Time resting spent in this place.
 E = Time spent auto-exploring this place.
 F = Levels seen in this place.
 G = Mean time per level.
                   A        B        C        D        E       F      G
               +--------+--------+--------+--------+--------+-----+--------+
         Total |   2657 |   2611 |     46 |    656 |   1633 |   2 | 1328.5 |
       Dungeon |   2657 |   2611 |     46 |    656 |   1633 |   2 | 1328.5 |
               +--------+--------+--------+--------+--------+-----+--------+

Top non-repeatable levels by time:
     D:1: 1468 daAuts
     D:2: 1189 daAuts

Table legend:
 A = Kills in this place as a percentage of kills in entire the game.
 B = Kills by you in this place as a percentage of kills by you in the entire game.
 C = Kills by friends in this place as a percentage of kills by friends in the entire game.
 D = Other kills in this place as a percentage of other kills in the entire game.
 E = Experience gained in this place as a percentage of experience gained in the entire game.
 F = Experience gained in this place divided by the number of levels of this place that you have seen.
                   A       B       C       D       E      F
               +-------+-------+-------+-------+-------+----------------------
         Total | 100.0 | 100.0 |   N/A |   N/A | 100.0 |  74.0
       Dungeon | 100.0 | 100.0 |   N/A |   N/A | 100.0 |  74.0
               +-------+-------+-------+-------+-------+----------------------
